 Dungeon Crawl Stone Soup version 0.22.1-6-g1668fe2 (webtiles) character file.

38594 dengdeng the Severer (level 13, -27/117 HPs)
             Began as a Minotaur Berserker on Jan 18, 2019.
             Was a High Priest of Trog.
             Annihilated by an enormous slime creature (32 damage)
             ... summoned by a boggart
             ... on level 15 of the Dungeon.
             The game lasted 01:17:06 (16164 turns).

dengdeng the Severer (Minotaur Berserker)          Turns: 16164, Time: 01:17:07

Health: -27/117    AC: 22    Str: 23    XL:     13   Next: 64%
Magic:  4/4        EV:  9    Int:  4    God:    Trog [*****.]
Gold:   989        SH:  0    Dex: 14    Spells: 12/12 levels left

rFire    + . .     SeeInvis +   T - +5 battleaxe (antimagic)
rCold    x . .     Gourm    +   (shield currently unavailable)
rNeg     . . .     Faith    .   u - +2 plate armour
rPois    .         Spirit   .   C - +1 hat {SInv}
rElec    .         Reflect  .   i - +0 cloak
rCorr    .         Harm     .   f - +0 pair of gloves
MR       +....                  (no boots)
Stlth    ..........             L - amulet of the gourmand
HPRegen  0.29/turn              N - ring of fire
MPRegen  0.09/turn              A - ring of protection from magic

@: berserk cooldown, slowed, very slow
A: retaliatory headbutt, horns 2
a: Berserk, Trog's Hand, Brothers in Arms, Renounce Religion


You were on level 15 of the Dungeon.
You worshipped Trog.
Trog was extremely pleased with you.
You were full.

You visited 1 branch of the dungeon, and saw 15 of its levels.
You also visited: Ossuary.

You collected 1229 gold pieces.
You spent 240 gold pieces at shops.

Inventory:

Hand Weapons
 H - a +4 hand axe of freezing
 T - a +5 antimagic battleaxe (weapon)
Missiles
 j - 373 stones
 o - 5 tomahawks
 y - 6 javelins
 P - 6 poisoned javelins (quivered)
Armour
 f - a +0 pair of gloves (worn)
 i - a +0 cloak (worn)
 u - a +2 plate armour (worn)
 C - a +1 hat of see invisible (worn)
Jewellery
 s - a +2 ring of intelligence
 A - a ring of protection from magic (right hand)
 L - an amulet of the gourmand (around neck)
 N - a ring of fire (left hand)
 S - a cursed -3 ring of intelligence
 W - an uncursed ring of protection from magic
Wands
 v - a wand of digging (25)
 w - a wand of clouds (3)
 G - a wand of acid (6)
 U - a wand of iceblast (11)
 V - a wand of paralysis (8)
 X - a wand of flame (59)
Scrolls
 b - a scroll of immolation {unknown}
 d - 17 scrolls of remove curse
 h - 2 scrolls of enchant armour
 m - 2 scrolls of fear {unknown}
 q - 13 scrolls of identify
 t - 3 scrolls of blinking
 z - 8 scrolls of teleportation
 B - 3 scrolls of amnesia {unknown}
 D - 3 scrolls of noise {unknown}
 F - 3 scrolls of magic mapping {unknown}
 K - a scroll of fog {unknown}
 M - 2 scrolls of enchant weapon {unknown}
 O - a scroll of brand weapon {unknown}
 Q - a scroll of vulnerability {unknown}
 R - a scroll of acquirement {unknown}
Potions
 a - 11 potions of curing
 e - 4 potions of heal wounds
 g - 7 potions of agility
 k - 5 potions of brilliance
 l - 8 potions of might
 n - 3 potions of haste {unknown}
 p - 5 potions of flight
 r - 3 potions of lignification {unknown}
 x - a potion of berserk rage {unknown}
 E - a potion of cancellation {unknown}
 I - 2 potions of invisibility {unknown}
 J - 2 potions of degeneration {unknown}
Comestibles
 c - 25 rations


   Skills:
 + Level 11.7 Fighting
 * Level 19.7 Axes
 + Level 2.1 Throwing
 + Level 13.9 Armour
 + Level 3.8 Dodging
 + Level 2.2 Stealth


You had 12 spell levels left.
You didn't know any spells.
Your spell library was empty.

Dungeon Overview and Level Annotations

Branches:
Dungeon (15/15)            Temple (0/1) D:7            Lair (0/6) D:8
    Orc (0/2) D:11         Vaults (0/5) D:14
 Depths: D:15

Altars:
Cheibriados
Elyvilon
Fedhas
Okawaru
Ru
Sif Muna
Wu Jian
The Shining One

Shops:
D:5 =?*   D:6 :   D:9 (   D:10 %   D:11 *   D:15 (

Annotations:
D:9 2 transporters, poxu's ghost, novice FoEE


Innate Abilities, Weirdness & Mutations

You reflexively headbutt those who attack you in melee.
You have a pair of horns on your head.


Message History

You hit the phantasmal warrior but do no damage.
The crackling of melting ice is subsiding rapidly.
Your skin stops crawling.
You feel less resistant to hostile enchantments.
You hear a shout!
The phantasmal warrior closely misses you.
The phantasmal warrior hits you!!
* * * LOW HITPOINT WARNING * * *
The death knight hits you but does no damage.
You hit the phantasmal warrior but do no damage.
You headbutt the phantasmal warrior, but do no damage.
The phantasmal warrior is almost destroyed.
You slash the enormous slime creature! You closely miss the death knight.
You slash the phantasmal warrior!
The phantasmal warrior's magic leaks into the air.
The phantasmal warrior hits you but does no damage.
The phantasmal warrior hits you.
* * * LOW HITPOINT WARNING * * *
The enormous slime creature hits you!!
You die...

##...##..........≈≈≈≈≈#.## #..#.#
.#...............#≈≈≈##..# ##...#
............#..####.####.# #....
.........[.###.###..# #.## #....
......####.####.#..## ##.# #...#
....### #..# #...## #.###....
#....# #### ###########.....#..
.....## #.W#.##.........##.
......## #p@W..###....##..##
#......## #J##.## #...####..#
##.#....# Cg.##..# #...# ##..
#......## Cgg###...###)..## #..
##.......#...# #..####.##..####).
....###..##.# ##.##.....##...#..#
.#####....#####...#####..#.....##
.≈≈##....#...#.....# ##.......#
..≈#.........#.....# ##......#


You could see a death knight, an enormous slime creature, 2 cyclopes, 2
phantasmal warriors and 3 boggarts.

Vanquished Creatures
  A rakshasa (D:15)
  Erolcha (D:10)
  A hydra (D:12)
  4 vault guards (D:14)
  Harold (D:10)
  Erica (D:10)
  3 two-headed ogres
  An ogre mage (D:13)
  5 centaur warriors
  A skeletal warrior (D:14)
  The ghost of matthes123 the Spear-Bearer, a novice MfGl (D:8)
  4 unseen horrors
  A wizard (D:14)
  6 ugly things
  A harpy (shapeshifter) (D:13)
  A wolf spider zombie (D:13)
  5 cyclopes
  A guardian serpent (shapeshifter) (D:15)
  2 centaur zombies
  A gargoyle (D:13)
  2 kobold demonologists
  3 komodo dragons (D:13)
  A merfolk (D:13)
  3 meliai (D:13)
  6 trolls
  A hornet (D:9)
  5 hippogriffs
  4 slime creatures
  A shadow (D:13)
  A centaur simulacrum (D:13)
  3 wyverns
  10 yaks
  2 water elementals (D:14)
  2 basilisks
  2 steam dragons (D:9)
  A wraith (D:15)
  3 vampire mosquitoes
  6 orc warriors
  A water moccasin (D:11)
  An eye of draining (D:13)
  3 sky beasts
  6 ice beasts
  3 phantoms
  A necrophage (D:9)
  7 ogres
  5 centaurs
  3 big kobolds
  5 bullfrogs
  2 wyvern zombies
  A wyvern skeleton (D:9)
  4 scorpions (D:8)
  26 wights
  4 killer bees (D:13)
  2 howler monkeys
  An electric eel (D:14)
  6 crimson imps
  3 bullfrog zombies
  A quasit (D:11)
  6 orc priests
  3 hounds
  4 jellies
  A bullfrog skeleton (D:10)
  12 orc wizards
  3 centaur skeletons
  5 iguanas
  12 worker ants
  A big kobold zombie (Ossuary)
  A hound skeleton (D:4)
  9 mummies
  2 worker ant zombies
  3 gnolls (D:2)
  11 adders
  A howler monkey skeleton (D:4)
  4 shadow imps
  An ooze (D:3)
  An adder zombie (D:8)
  3 worms (D:2)
  4 dart slugs
  4 leopard geckos
  27 orcs
  A ball python (D:4)
  14 bats
  2 giant cockroaches
  8 goblins
  2 hobgoblins
  6 jackals
  7 quokkas
  4 frilled lizards
  3 gnoll zombies (Ossuary)
  A hobgoblin zombie (Ossuary)
  A jackal skeleton (D:5)
  8 kobolds
  2 kobold zombies (Ossuary)
  An orc zombie (Ossuary)
  8 rats
369 creatures vanquished.

Vanquished Creatures (others)
  An orc (D:6)
  A quokka (D:15)
2 creatures vanquished.

Grand Total: 371 creatures vanquished

Notes
Turn   | Place    | Note
-------+----------+-------------------------------------------
     0 | D:1      | dengdeng the Minotaur Berserker began the quest for the
                  | Orb.
     0 | D:1      | Reached XP level 1. HP: 19/19 MP: 0/0
   169 | D:1      | Reached skill level 4 in Axes
   191 | D:1      | Reached XP level 2. HP: 27/27 MP: 1/1
   622 | D:1      | Reached ** piety under Trog
   694 | D:1      | Reached XP level 3. HP: 33/33 MP: 2/2
  1250 | D:2      | Reached skill level 5 in Axes
  1360 | D:2      | Found a glowing golden altar of the Shining One.
  1393 | D:2      | Reached XP level 4. HP: 36/41 MP: 3/3
  2296 | D:3      | Found a snail-covered altar of Cheibriados.
  2612 | D:4      | Reached XP level 5. HP: 11/47 MP: 4/4
  3071 | D:4      | Reached skill level 6 in Axes
  3098 | D:4      | Noticed a phantom
  3129 | D:4      | Killed a phantom
  3129 | D:4      | Reached skill level 5 in Fighting
  3129 | D:4      | Reached XP level 6. HP: 48/56 MP: 5/5
  3226 | D:4      | Found a blossoming altar of Fedhas.
  3426 | D:4      | Found an iron altar of Okawaru.
  3544 | D:4      | Reached skill level 7 in Axes
  3544 | D:4      | Reached skill level 1 in Throwing
  3544 | D:4      | Reached skill level 5 in Armour
  3544 | D:4      | Reached XP level 7. HP: 32/61 MP: 6/6
  3816 | D:5      | Entered Level 5 of the Dungeon
  3820 | D:5      | Reached *** piety under Trog
  3978 | D:5      | Found Upluh's Assorted Antiques.
  4050 | D:5      | Found Acaemor's Jewellery Shoppe.
  4104 | D:5      | Found Toishrai's Magic Scroll Emporium.
  4109 | D:5      | Bought a scroll of remove curse for 36 gold pieces
  4109 | D:5      | Bought a scroll of blinking for 90 gold pieces
  4109 | D:5      | Bought a scroll of identify for 24 gold pieces
  4109 | D:5      | Bought a scroll of enchant armour for 90 gold pieces
  4437 | D:6      | Found Xeqitar's Book Shop.
  4498 | D:6      | Reached skill level 8 in Axes
  4532 | D:6      | Found a sand-covered staircase.
  4548 | Ossuary  | Entered an ossuary
  4791 | D:6      | Reached XP level 8. HP: 68/68 MP: 7/7
  4800 | D:6      | Reached skill level 9 in Axes
  4873 | D:6      | Reached **** piety under Trog
  4969 | D:6      | Reached skill level 10 in Axes
  5335 | D:6      | Found a deep blue altar of Sif Muna.
  5562 | D:7      | Found a staircase to the Ecumenical Temple.
  5863 | D:7      | Found an ornate altar of the Wu Jian Council.
  6105 | D:7      | Reached skill level 1 in Stealth
  6285 | D:8      | Found a staircase to the Lair.
  6289 | D:8      | Reached skill level 11 in Axes
  6289 | D:8      | Reached XP level 9. HP: 75/75 MP: 8/8
  7130 | D:8      | Reached ***** piety under Trog
  7244 | D:8      | Found a large runed door.
  7244 | D:8      | Found a large runed door.
  7248 | D:8      | Noticed matthes123's ghost (novice MfGl)
  7263 | D:8      | Killed matthes123's ghost
  7263 | D:8      | Reached skill level 12 in Axes
  7579 | D:9      | Noticed a harpy
  7582 | D:9      | Noticed a gargoyle
  7586 | D:9      | Noticed poxu's ghost (novice FoEE)
  7799 | D:9      | Found a transporter.
  7854 | D:9      | Reached XP level 10. HP: 68/84 MP: 9/9
  8000 | D:9      | Reached skill level 13 in Axes
  8094 | D:9      | Found Taken's Weapon Boutique.
  8295 | D:9      | Found a transporter.
  8374 | D:10     | Entered Level 10 of the Dungeon
  8374 | D:10     | Noticed Erolcha
  8380 | D:10     | Killed Erolcha
  8425 | D:10     | Noticed Erica
  8438 | D:10     | Killed Erica
  8438 | D:10     | Reached skill level 14 in Axes
  8438 | D:10     | Reached skill level 10 in Armour
  8491 | D:10     | Found Ulyviut's Food Boutique.
  8709 | D:10     | Received a gift from Trog
  8709 | D:10     | Reached XP level 11. HP: 94/94 MP: 10/10
  8859 | D:10     | Noticed Harold
  8879 | D:10     | Killed Harold
  8879 | D:10     | Reached skill level 15 in Axes
  9069 | D:11     | Found a staircase to the Orcish Mines.
  9222 | D:11     | Found Natupp's Elemental Accessories.
  9544 | D:11     | Noticed a two-headed ogre
  9555 | D:11     | Killed a two-headed ogre
 10059 | D:11     | Noticed an unseen horror
 10075 | D:11     | Killed an unseen horror
 10406 | D:12     | Found a sacrificial altar of Ru.
 10517 | D:12     | Noticed a green ugly thing
 10533 | D:12     | Killed a green ugly thing
 10705 | D:12     | Received a gift from Trog
 11043 | D:12     | Noticed a seven-headed hydra
 11055 | D:12     | Killed a ten-headed hydra
 11055 | D:12     | Reached skill level 16 in Axes
 11548 | D:13     | Noticed a centaur warrior
 11552 | D:13     | Noticed an unseen horror
 11557 | D:13     | Killed a centaur warrior
 11563 | D:13     | Killed an unseen horror
 11627 | D:13     | Reached XP level 12. HP: 103/106 MP: 3/11
 11638 | D:13     | Noticed a two-headed ogre
 11645 | D:13     | Killed a two-headed ogre
 11978 | D:13     | Reached skill level 10 in Fighting
 12153 | D:13     | Noticed a two-headed ogre
 12193 | D:13     | Reached skill level 17 in Axes
 12197 | D:13     | Noticed a centaur warrior
 12202 | D:13     | Noticed a two-headed ogre
 12389 | D:13     | Noticed an ogre mage
 13105 | D:13     | Killed an ogre mage
 13393 | D:13     | Reached skill level 18 in Axes
 13404 | D:13     | Killed a centaur warrior
 13479 | D:13     | Killed a two-headed ogre
 14182 | D:14     | Found a gate to the Vaults.
 14182 | D:14     | Noticed a vault guard
 14182 | D:14     | Noticed a vault guard
 14182 | D:14     | Noticed a centaur warrior
 14182 | D:14     | Noticed a vault guard
 14182 | D:14     | Noticed a vault guard
 14201 | D:14     | Killed a vault guard
 14201 | D:14     | Reached XP level 13. HP: 115/115 MP: 4/12
 14904 | D:14     | Reached skill level 19 in Axes
 15506 | D:15     | Entered Level 15 of the Dungeon
 15565 | D:15     | Found a white marble altar of Elyvilon.
 15632 | D:15     | Found Hoteh's Weapon Boutique.
 16164 | D:15     | HP: 5/117 [phantasmal warrior[a boggart] (3)]
 16164 | D:15     | Annihilated by an enormous slime creature

Skill      XL: |  1  2  3  4  5  6  7  8  9 10 11 12 13 |
---------------+----------------------------------------+-----
Axes           | 4 5 6 7 8 11 12 14 16 18 19 | 19.7
Fighting       | 4 5 6 8 9 10 11 | 11.7
Armour         | 3 4 5 6 9 10 12 13 | 13.9
Throwing       | 1 2 |  2.1
Dodging        | 3 |  3.8
Stealth        | 1 2 |  2.2

Action                   |  1- 3 |  4- 6 |  7- 9 | 10-12 | 13-15 || total
-------------------------+-------+-------+-------+-------+-------++-------
Melee: Hand axe          |    88 |   115 |   296 |   319 |       ||   818
       Headbutt          |    12 |    24 |    70 |   140 |    37 ||   283
       Battleaxe         |       |       |       |   188 |   156 ||   344
Throw: Stone             |       |     8 |       |       |       ||     8
       Javelin           |       |     7 |       |     1 |       ||     8
       Tomahawk          |       |     5 |       |       |       ||     5
Invok: Trog's Hand       |       |     1 |     4 |     8 |     4 ||    17
       Berserk           |       |       |     3 |     6 |     1 ||    10
  Use: Scroll            |       |       |     2 |     7 |       ||     9
       Potion            |       |       |       |       |     1 ||     1
  Eat: Chunk             |     2 |     7 |    31 |    25 |     8 ||    73
       Ration            |       |       |     1 |       |       ||     1
Armor: Animal skin       |     8 |       |       |       |       ||     8
       Ring mail         |     6 |       |       |       |       ||     6
       Scale mail        |     2 |    19 |       |       |       ||    21
       Plate armour      |       |    48 |   176 |   214 |    90 ||   528
Dodge: Dodged            |    47 |    62 |   103 |   142 |    64 ||   418
